 Dungeon Crawl Stone Soup version 0.22-a0-612-gd2f0174 (webtiles) character file.

6630 Gildeon the Spear-Bearer (level 10, 0/86 HPs)
             Began as a Minotaur Fighter on July 11, 2018.
             Was an Elder of Ashenzari.
             Slain by a five-headed hydra (7 damage)
             ... on level 1 of the Lair of Beasts.
             The game lasted 00:49:19 (8981 turns).

Gildeon the Spear-Bearer (Minotaur Fighter)         Turns: 8981, Time: 00:49:20

Health: 0/86       AC:  8    Str: 21    XL:     10   Next: 72%
Magic:  12/12      EV: 12    Int:  7    God:    Ashenzari [****..]
Gold:   312        SH:  0    Dex: 11    Spells: 10/13 levels left

rFire    . . .     SeeInvis +   y - +6 spear (venom)
rCold    . . .     Gourm    .   (no shield)
rNeg     + . .     Faith    .   n - +0 scale mail of Entitlement {Slay+2} (curse)
rPois    .         Spirit   .   (helmet restricted)
rElec    .         Reflect  .   (no cloak)
rCorr    .         Harm     .   (no gloves)
MR       .....     Clarity  +   (no boots)
Stlth    ..........             b - amulet of magic regeneration (curse)
HPRegen  0.24/turn              m - ring of positive energy (curse)
MPRegen  0.38/turn              (no ring)

@: no status effects
A: retaliatory headbutt, horns 2
a: Curse Item, Scrying, Renounce Religion


You were on level 1 of the Lair of Beasts.
You worshipped Ashenzari.
Ashenzari was greatly pleased with you.
You were not hungry.

You visited 3 branches of the dungeon, and saw 11 of its levels.
You also visited: Sewer.

You collected 587 gold pieces.
You spent 275 gold pieces at shops.

Inventory:

Hand Weapons
 a - a +2 trident
 d - a +4 scythe of electrocution
 q - a +3 spear of piercing
 r - a cursed +0 halberd
 y - a +6 spear of venom (weapon)
Armour
 n - the cursed +0 scale mail of Entitlement (worn) {Slay+2}
   (You found it on level 6 of the Dungeon)

   It affects your accuracy and damage with ranged weapons and melee attacks
   (+2).
   It has a curse placed upon it.
Jewellery
 b - a cursed amulet of magic regeneration (around neck)
 m - a cursed ring of positive energy (left hand)
Wands
 h - a wand of disintegration (9)
 w - a wand of polymorph (6)
 x - a wand of random effects (6)
Scrolls
 c - a scroll of amnesia
 i - 5 scrolls of teleportation
 j - 6 scrolls of blinking
Potions
 e - a potion of magic
 g - 2 potions of heal wounds
 k - 6 potions of curing
 l - a potion of brilliance
 s - a potion of flight
 t - 2 potions of haste
 v - 2 potions of lignification
Comestibles
 f - 31 rations
 z - 2 chunks of flesh


   Skills:
 - Level 7.3 Fighting
 + Level 13.5 Polearms
 - Level 7.3 Armour
 - Level 5.0 Dodging
   Level 3.6 Shields
 - Level 2.0 Spellcasting
 - Level 2.0(3.7) Hexes
 - Level 2.5(4.4) Ice Magic
 - Level 3.9(6.0) Evocations


You had 10 spell levels left.
You knew the following spells:

 Your Spells              Type           Power        Failure   Level  Hunger
a - Corona                Hex            #......      21%         1    ##.....
b - Ensorcelled Hibernat  Hex/Ice        #.....       26%         2    ###....

Your spell library contained the following spells:

 Spells                   Type           Power        Failure   Level  Hunger
 Confuse                  Hex            #.......     52%         3    ####...
 Tukima's Dance           Hex            #.......     52%         3    ####...
 Dazzling Spray           Conj/Hex       #.....       77%         3    ####...


Dungeon Overview and Level Annotations

Branches:
Dungeon (9/15)             Temple (1/1) D:4            Lair (1/6) D:9
    Orc (0/2) D:9

Altars:
Ashenzari
Cheibriados
Dithmenos
Elyvilon
Fedhas
Gozag
Hepliaklqana
Kikubaaqudgha
Makhleb
Nemelex Xobeh
Okawaru
Qazlal
Ru
Sif Muna
Trog
Uskayaw
Vehumet
Wu Jian
Xom
Yredelemnul
Zin
The Shining One

Shops:
D:4 ?


Innate Abilities, Weirdness & Mutations

You reflexively headbutt those who attack you in melee.
You have a pair of horns on your head.


Message History

The five-headed hydra closely misses you.
You completely miss the five-headed hydra.
You puncture the five-headed hydra! You headbutt the five-headed hydra.
The five-headed hydra is moderately wounded.
The five-headed hydra completely misses you.
The five-headed hydra bites you but does no damage. x2
The five-headed hydra completely misses you.
The five-headed hydra bites you but does no damage.
You hit the five-headed hydra.
The five-headed hydra is poisoned.
You headbutt the five-headed hydra!
The five-headed hydra is heavily wounded.
You barely miss the five-headed hydra. You headbutt the five-headed hydra.
The five-headed hydra is heavily wounded.
The five-headed hydra closely misses you.
The five-headed hydra bites you! x2
* * * LOW HITPOINT WARNING * * *
The five-headed hydra bites you!
* * * LOW HITPOINT WARNING * * *
The five-headed hydra bites you!
You die...

,, , #...##*
##.# ,,, , ,
**
*#....###..#
,,,,, , , ,*
* #..#.<..#*
, ,,, ,,,**
##..#..##* *
* , ,
#.#.#.### *,
**, , ,,*
##......# *
, ###..###.#
, , #....#
## * * ,
###.@P## *
** , *
#..D†## , ,
, ##....## *
* * , ,* ,
,* #.....###
,* * * , ,,
##.....P#.#*
, ,,
##......# *
* ##.....#*
,
#.......#**,
, , *
*#....#...#
,,,,,,


You could see a five-headed hydra.

Vanquished Creatures
  2 two-headed ogres
  3 trolls
  A hippogriff (D:8)
  Sigmund (D:2)
  A spriggan (D:7)
  A wyvern (D:9)
  4 ice beasts
  2 orc warriors (D:9)
  A sky beast (D:9)
  A necrophage (D:6)
  7 ogres
  6 centaurs
  A crocodile (Lair:1)
  6 big kobolds
  3 bullfrogs
  4 gnoll sergeants (D:9)
  6 scorpions
  2 howler monkeys
  4 crimson imps
  A centaur zombie (D:9)
  2 hounds
  2 orc priests
  A jelly (D:5)
  Jessica (D:3)
  An iguana (D:6)
  3 orc wizards
  7 worker ants
  3 hound zombies
  A hound skeleton (D:5)
  A worker ant zombie (D:9)
  6 gnolls
  9 adders
  A shadow imp (D:8)
  A white imp (D:6)
  An ooze (Sewer)
  An adder skeleton (D:9)
  A worm (Sewer)
  5 dart slugs
  8 leopard geckos
  24 orcs
  5 giant cockroaches
  7 goblins
  8 hobgoblins
  3 jackals
  16 kobolds
  7 quokkas
  A ball python (Sewer)
  A ball python skeleton (D:4)
  5 bats
  6 frilled lizards
  A jackal skeleton (D:5)
  A leopard gecko skeleton (D:4)
  2 quokka skeletons (D:9)
  A quokka zombie (D:8)
  7 rats
207 creatures vanquished.

Notes
Turn   | Place    | Note
-------+----------+-------------------------------------------
     0 | D:1      | Gildeon the Minotaur Fighter began the quest for the Orb.
     0 | D:1      | Reached XP level 1. HP: 19/19 MP: 0/0
   225 | D:1      | Reached XP level 2. HP: 27/27 MP: 1/1
   279 | D:1      | Reached skill level 3 in Polearms
   359 | D:1      | Reached skill level 1 in Dodging
   444 | D:1      | Reached XP level 3. HP: 30/33 MP: 2/2
   969 | D:2      | Noticed Sigmund
   983 | D:2      | Killed Sigmund
   983 | D:2      | Reached skill level 4 in Polearms
   983 | D:2      | Reached XP level 4. HP: 14/41 MP: 3/3
   983 | D:2      | Reached XP level 5. HP: 16/47 MP: 4/4
  1701 | D:3      | Found a shattered altar of Ashenzari.
  1734 | D:3      | Reached skill level 5 in Polearms
  1748 | D:3      | Became a worshipper of Ashenzari the Shackled
  1828 | D:3      | Noticed Jessica
  1840 | D:3      | Killed Jessica
  1840 | D:3      | Reached XP level 6. HP: 52/55 MP: 5/5
  1885 | D:3      | Reached skill level 5 in Armour
  2156 | D:4      | Found a staircase to the Ecumenical Temple.
  2174 | Temple   | Entered the Ecumenical Temple
  2502 | D:4      | Reached skill level 5 in Fighting
  2547 | D:4      | Found a basalt altar of Yredelemnul.
  2811 | D:4      | Reached * piety under Ashenzari
  2827 | D:4      | Reached skill level 6 in Polearms
  3201 | D:4      | Found Kaekk's Magic Scroll Shoppe.
  3219 | D:4      | Bought a scroll of identify for 20 gold pieces
  3219 | D:4      | Bought a scroll of magic mapping for 35 gold pieces
  3219 | D:4      | Bought a scroll of identify for 20 gold pieces
  3276 | D:4      | Found a white marble altar of Elyvilon.
  3336 | D:4      | Reached XP level 7. HP: 51/61 MP: 6/6
  3415 | D:4      | Found a bloodstained altar of Trog.
  3446 | D:4      | Learned a level 1 spell: Corona
  3485 | D:5      | Entered Level 5 of the Dungeon
  3536 | D:5      | Reached skill level 7 in Polearms
  4051 | D:5      | Found a bloodstained altar of Trog.
  4112 | D:5      | Reached skill level 1 in Spellcasting
  4112 | D:5      | Reached skill level 1 in Hexes
  4340 | D:6      | Reached skill level 8 in Polearms
  4340 | D:6      | Reached XP level 8. HP: 43/68 MP: 8/8
  4431 | D:6      | Reached skill level 5 in Dodging
  4460 | D:6      | Found a glowing drain.
  4471 | Sewer    | Entered a sewer
  4582 | Sewer    | Learned a level 2 spell: Ensorcelled Hibernation
  4762 | Sewer    | Reached ** piety under Ashenzari
  4775 | Sewer    | Reached skill level 9 in Polearms
  4801 | Sewer    | Reached skill level 1 in Ice Magic
  4976 | D:6      | Noticed a two-headed ogre
  4983 | D:6      | Killed a two-headed ogre
  4983 | D:6      | Reached skill level 10 in Polearms
  5232 | D:6      | Reached XP level 9. HP: 70/74 MP: 9/9
  5325 | D:6      | Identified the cursed +0 scale mail of Entitlement {Slay+2}
  5392 | D:6      | Found an opulent altar of Gozag.
  5393 | D:6      | Found a hide-covered altar of Uskayaw.
  5394 | D:6      | Found a burning altar of Makhleb.
  5427 | D:6      | Found a sacrificial altar of Ru.
  5619 | D:6      | Reached skill level 11 in Polearms
  5689 | D:6      | Found a glowing silver altar of Zin.
  5902 | D:7      | Found an iron altar of Okawaru.
  5926 | D:7      | Found a shattered altar of Ashenzari.
  6069 | D:7      | Identified the +1 leather armour "Kistaph" {rPois Int+4 Dex+5 Slay-2}
  6111 | D:7      | Reached *** piety under Ashenzari
  6794 | D:4      | Bought a scroll of brand weapon for 200 gold pieces
  6883 | D:8      | Found a stormy altar of Qazlal.
  7024 | D:8      | Identified the +6 great mace of the Ten Runes {drain, Fragile rElec SInv}
  7098 | D:8      | Noticed a troll
  7106 | D:8      | Killed a troll
  7687 | D:8      | Reached skill level 1 in Evocations
  7715 | D:9      | Noticed a troll
  7724 | D:9      | Killed a troll
  7724 | D:9      | Reached XP level 10. HP: 82/86 MP: 10/10
  7854 | D:9      | Found a staircase to the Orcish Mines.
  7881 | D:9      | Reached skill level 12 in Polearms
  8156 | D:9      | Noticed a two-headed ogre
  8168 | D:9      | Killed a two-headed ogre
  8168 | D:9      | Reached skill level 13 in Polearms
  8472 | D:9      | Identified the +9 morningstar of Due Proportion {elec, rElec Str+3}
  8609 | D:9      | Reached **** piety under Ashenzari
  8644 | D:9      | Found an ornate altar of the Wu Jian Council.
  8665 | D:9      | Found an ornate altar of the Wu Jian Council.
  8746 | D:9      | Found a staircase to the Lair.
  8761 | D:9      | Found a blossoming altar of Fedhas.
  8949 | Lair:1   | Entered Level 1 of the Lair of Beasts
  8965 | Lair:1   | Noticed a five-headed hydra
  8981 | Lair:1   | Slain by a five-headed hydra

Vault maps used:
D:1:      evilmike_arrival_crescent, kennysheep_doodads, minmay_ruptured
D:2:      first_ration, uniq_sigmund
D:3:      nicolae_overflow_crystal_walls, uniq_jessica
D:4:      kennysheep_ying_yang, lemuel_round_altar, minmay_temple_entry_trees,
          serial_shops, nicolae_shop_waterfront
D:5:      bloody_trog
D:6:      lemuel_coloured_pillars_altar, nicolae_ru_great_annihilating_truth,
          grunt_temple_overflow_open, portal_sewer_entry_f,
          roderic_three_in_a_row, minmay_fire_ice_demons
D:7:      okawaru_metal_pillars_3, the_bakery, evilmike_ruin_ashenzari
D:8:      old_standard_altar
D:9:      kennysheep_mini, fedhas_altar_fruit_tree,
          kennysheep_orc_monster_closet_entryway, basic_altar
Temple:   compressed_dpeg_triangle_lava_temple
Lair:1:   st_stairs_3, minivault_26
Sewer:    sewer_co_15_rooms

Skill      XL: |  1  2  3  4  5  6  7  8  9 10 |
---------------+-------------------------------+-----
Polearms       | 3 4 5 6 8 10 11 13 | 13.5
Dodging        | 1 2 3 4 5 |  5.0
Fighting       | 4 5 7 |  7.3
Armour         | 4 5 7 |  7.3
Spellcasting   | 1 2 |  2.0
Hexes          | 1 2 |  2.0
Ice Magic      | 2 |  2.5
Evocations     | 1 3 |  3.9
Shields        | |  3.6

Action                   |  1- 3 |  4- 6 |  7- 9 | 10-12 || total
-------------------------+-------+-------+-------+-------++-------
Melee: Trident           |    84 |       |       |       ||    84
       Headbutt          |     7 |    10 |    30 |     9 ||    56
       Scythe            |       |    97 |   232 |    92 ||   421
       Spear             |       |       |       |     4 ||     4
 Cast: Corona            |       |       |       |     6 ||     6
Invok: Curse Item        |       |     2 |     2 |       ||     4
Evoke: Wand              |       |       |       |     2 ||     2
  Use: Scroll            |     5 |    12 |     9 |     2 ||    28
       Potion            |     1 |       |     2 |     4 ||     7
 Stab: Paralysed         |       |       |     1 |       ||     1
       Distracted        |       |       |       |     1 ||     1
  Eat: Chunk             |       |     6 |     5 |       ||    11
       Ration            |       |     1 |     3 |     1 ||     5
Armor: Scale mail        |    30 |    57 |   110 |    32 ||   229
       Skin              |       |       |       |     8 ||     8
Dodge: Dodged            |    33 |    69 |   169 |    54 ||   325

Table legend:
 A = Spawn XP
 B = Non-spawn XP
 C = Spawn XP percentage of total XP
 D = Spawn monster count
 E = Non-spawn monster count
 F = Spawn count percentage of total count
 G = Total turns spent on level
                    A         B        C        D         E        F      G
               +---------+---------+-------+---------+---------+-------+---------
         Total |       0 |    9472 |   0.0 |       0 |     207 |   0.0 |  8981
               +---------+---------+-------+---------+---------+-------+---------
           D:1 |       0 |      51 |   0.0 |       0 |      25 |   0.0 |   799
           D:2 |       0 |     261 |   0.0 |       0 |      22 |   0.0 |   844
           D:3 |       0 |     139 |   0.0 |       0 |      15 |   0.0 |   497
           D:4 |       0 |     375 |   0.0 |       0 |      15 |   0.0 |  1076
           D:5 |       0 |     547 |   0.0 |       0 |      18 |   0.0 |   877
           D:6 |       0 |    1704 |   0.0 |       0 |      29 |   0.0 |   952
           D:7 |       0 |     884 |   0.0 |       0 |      13 |   0.0 |  1052
           D:8 |       0 |    1025 |   0.0 |       0 |      13 |   0.0 |   857
           D:9 |       0 |    4145 |   0.0 |       0 |      43 |   0.0 |  1241
        Lair:1 |       0 |     109 |   0.0 |       0 |       1 |   0.0 |    32
         Sewer |       0 |     232 |   0.0 |       0 |      13 |   0.0 |   462
               +---------+---------+-------+---------+---------+-------+---------
